 Dungeon Crawl Stone Soup version 0.21.1-1-g345015f (webtiles) character file.

522 VLARC the Slicer (level 7, -1/44 HPs)
             Began as a Halfling Hunter on Mar 21, 2018.
             Slain by a gnoll
             ... wielding a +0 halberd
              (6 damage)
             ... on level 3 of the Dungeon.
             The game lasted 00:07:49 (4166 turns).

VLARC the Slicer (Halfling Hunter)                  Turns: 4166, Time: 00:07:51

Health: -1/44      AC:  5    Str: 15    XL:     7   Next: 46%
Magic:  7/7        EV: 14    Int:  9    God:
Gold:   153        SH:  0    Dex: 15    Spells: 6/6 levels left

rFire    . . .     SeeInvis .   b - +0 short sword
rCold    . . .     Gourm    .   (shield restricted)
rNeg     . . .     Faith    .   c - +0 leather armour
rPois    .         Spirit   .   l - +1 helmet
rElec    .         Reflect  .   (no cloak)
rCorr    .         Harm     .   (no gloves)
MR       .....                  (no boots)
Stlth    +.........             (no amulet)
HPRegen  0.14/turn              h - ring of loudness (curse)
MPRegen  0.10/turn              (no ring)

@: about to teleport
A: small, mutation resistance 1
a: no special abilities


You were on level 3 of the Dungeon.
You were not hungry.

You visited 1 branch of the dungeon, and saw 4 of its levels.

You collected 153 gold pieces.

Inventory:

Hand Weapons
 a - a +2 hunting sling
 b - a +0 short sword (weapon)
 j - a +2 dagger of speed
Missiles
 d - 50 sling bullets
 g - 63 stones (quivered)
Armour
 c - a +0 leather armour (worn)
 l - a +1 helmet (worn)
Jewellery
 h - a cursed ring of loudness (left hand)
Scrolls
 e - a scroll of enchant weapon
 i - 5 scrolls of identify
Potions
 k - 2 potions of curing
Comestibles
 f - 7 rations


   Skills:
 - Level 1.7 Fighting
 + Level 8.8 Short Blades
 - Level 5.8 Slings
 - Level 2.1 Dodging
 - Level 1.1 Stealth


You had 6 spell levels left.
You didn't know any spells.

Dungeon Overview and Level Annotations

Branches:
Dungeon (4/15)
 Temple: D:4-7

Altars:
Ashenzari

Annotations:
D:3 unexplored, Shinoi's ghost, amateur DsAK
D:4 Grinder


Innate Abilities, Weirdness & Mutations

You are small and have problems with some larger weapons.
You are somewhat resistant to further mutation.


Message History

There is a stone staircase leading up here.
You climb upwards.
Level annotation: unexplored, Shinoi's ghost, amateur DsAK The bat misses you.
The gnoll hits you with a club.
* * * LOW HITPOINT WARNING * * *
The gnoll misses you.
A bat comes into view.
There is a stone staircase leading down here.
A hobgoblin comes into view. It is wielding a club.
The hobgoblin shouts!
The bat hits you but does no damage. x2; The bat closely misses you.
The gnoll hits you but does no damage.
Found a ration.
Found a stone staircase leading down.
As you read the scroll of teleportation, it crumbles to dust.
You feel strangely unstable. The bat barely misses you.
The bat closely misses you. The bat barely misses you.
The bat hits you but does no damage. The gnoll barely misses you.
The gnoll closely misses you.
The gnoll hits you from afar with a halberd.
You die...

## ... # ....
#####.### .....
#.g.....#
..>.%b##gg...$.#
......g@b......#
#####
......##g......#
#.... .....
#.......# #.###
.... #.......#
##.### ...
#.......# #.....
.. #....(.$#
#..... .
#......(# #.)...
....... ##.###
#.#


You could see a gnoll shaman, 3 gnolls, a hobgoblin and 2 bats.

Vanquished Creatures
  A phantom (D:4)
  An ogre (D:4)
  A bullfrog (D:4)
  A crimson imp (D:3)
  Jessica (D:3)
  An iguana (D:4)
  Robin (D:4)
  5 gnolls (D:4)
  5 adders
  3 worms (D:2)
  A dart slug (D:1)
  A leopard gecko (D:2)
  3 orcs (D:3)
  3 giant cockroaches
  20 goblins
  11 hobgoblins
  9 kobolds
  2 quokkas
  10 bats
  5 frilled lizards
  7 rats
92 creatures vanquished.

Notes
Turn   | Place    | Note
-------+----------+-------------------------------------------
     0 | D:1      | VLARC the Halfling Hunter began the quest for the Orb.
     0 | D:1      | Reached XP level 1. HP: 14/14 MP: 1/1
    70 | D:1      | Reached skill level 1 in Short Blades
   119 | D:1      | Reached XP level 2. HP: 10/19 MP: 2/2
   277 | D:1      | Reached skill level 2 in Short Blades
   745 | D:1      | Reached XP level 3. HP: 7/24 MP: 3/3
   957 | D:1      | Reached skill level 3 in Short Blades
  1874 | D:2      | Reached XP level 4. HP: 29/29 MP: 4/4
  1902 | D:2      | Reached skill level 4 in Short Blades
  2491 | D:2      | Reached skill level 5 in Short Blades
  2491 | D:2      | Reached XP level 5. HP: 34/34 MP: 5/5
  2892 | D:3      | Noticed Shinoi's ghost (amateur DsAK)
  3131 | D:3      | Noticed Jessica
  3140 | D:3      | Killed Jessica
  3140 | D:3      | Reached skill level 6 in Short Blades
  3273 | D:4      | Noticed Robin
  3293 | D:4      | Reached XP level 6. HP: 39/39 MP: 6/6
  3373 | D:4      | Killed Robin
  3624 | D:4      | Noticed an ogre
  3649 | D:4      | Killed an ogre
  3649 | D:4      | Reached skill level 7 in Short Blades
  3916 | D:4      | Noticed a phantom
  3935 | D:4      | Killed a phantom
  3935 | D:4      | Reached skill level 8 in Short Blades
  3935 | D:4      | Reached XP level 7. HP: 44/44 MP: 7/7
  4019 | D:4      | Found a shattered altar of Ashenzari.
  4127 | D:4      | Noticed Grinder
  4166 | D:3      | Slain by a gnoll

Skill      XL: |  1  2  3  4  5  6 |
---------------+-------------------+-----
Short Blades   | 1 2 3 5 6 8 |  8.8
Fighting       | |  1.7
Slings         | |  5.8
Dodging        | |  2.1
Stealth        | |  1.1

Action                   |  1- 3 |  4- 6 |  7- 9 || total
-------------------------+-------+-------+-------++-------
Melee: Short sword       |   129 |   101 |     5 ||   235
       Dagger            |     9 |    42 |       ||    51
 Fire: Hunting sling     |     6 |   104 |    15 ||   125
  Use: Scroll            |     2 |     3 |     1 ||     6
       Potion            |     2 |     6 |       ||     8
 Stab: Sleeping          |     3 |       |       ||     3
  Eat: Chunk             |     3 |     6 |     1 ||    10
Armor: Leather armour    |    27 |    60 |     9 ||    96
Dodge: Dodged            |    89 |   150 |    21 ||   260
